Map: Winter's Gate LE

Players

Freeedom

  • Race: Zerg Zerg
  • League: Master
  • Spawn Location: 11:00

Mez - Winner!

  • Race: Terran Terran
  • League: Master
  • Spawn Location: 5:00

VOD

Have the link to the VOD?

Description

Time

  • Played on: Sept. 2, 2019, 10:11 a.m.
  • Length: 14:05
Show
View Real Time Build Order
Export as new Build Order

Freeedom Zerg 

Build Orders: Hatch First 

Get SALT Encoding   

  12  0:01  Drone  
  13  0:08  Drone  
  14  0:27  Overlord  
  14  0:33  Extractor x2  
  14  0:34  Drone x2  
  16  0:46  Drone  
  17  0:57  Drone  
  18  1:09  Drone  
  19  1:11  Hatchery  
  19  1:17  Drone  
  19  1:22  Spawning Pool  
  19  1:24  Drone  
  19  1:26  Extractor  
  19  1:32  Drone  
  19  1:49  Hatchery  
  19  1:52  Drone  
  19  1:58  Drone  
  20  2:10  Zergling x2  
  21  2:16  Overlord  
  21  2:22  Queen  
  23  2:34  Metabolic Boost  
  23  2:39  Queen  
  23  2:40  Zergling x2  
  23  2:41  Zergling x2  
  23  2:43  Drone  
  27  2:47  Spore Crawler  
  27  2:49  Drone  
  27  2:58  Drone x2  
  29  3:06  Drone x3  
  29  3:07  Drone  
  33  3:17  Drone x3  
  36  3:22  Extractor  
  35  3:30  Drone x2  
  35  3:31  Drone x2  
  40  3:40  Drone x2  
  42  3:41  Overlord x2  
  42  3:52  Roach Warren  
  42  3:53  Drone  
  43  4:02  Zergling x2  
  43  4:03  Zergling x2  
  43  4:09  Drone x3  
  48  4:10  Drone x2  
  48  4:16  Extractor  
  48  4:21  Overlord  
  48  4:22  Drone  
  48  4:23  Drone x4  
  53  4:26  Queen  
  53  4:27  Queen  
  53  4:30  Evolution Chamber  
  54  4:39  Evolution Chamber  
  54  4:43  Roach x2  
  54  4:44  Roach x4  
  65  5:05  Ravager, Overlord  
  65  5:06  Overlord x3  
  66  5:16  Ravager  
  66  5:20  Spore Crawler  
  57  5:31  Zergling x4  
  50  5:35  Zergling x2  
  50  5:36  Drone  
  49  5:43  Drone x3  
  49  5:47  Drone x6  
  49  5:49  Drone  
  60  5:50  Drone  
  60  5:55  Ravager x4  
  64  6:00  Drone x3  
  67  6:09  Spore Crawler  
  65  6:23  Zergling x2  
  65  6:24  Zergling x8  
  70  6:31  Zergling x4  
  55  6:51  Roach x2, Drone x2  
  55  6:52  Drone  
  59  7:01  Roach x5  
  69  7:02  Roach  
  69  7:05  Drone x4  
  69  7:06  Drone  
  70  7:18  Roach x4, Drone x2  
  79  7:26  Baneling Nest  
  79  7:27  Lair  
  79  7:28  Zergling x2  
  79  7:29  Zergling x10  
  84  7:40  Drone x5  
  89  7:46  Extractor x2  
  89  7:48  Ravager x2  
  89  7:55  Drone  
  79  8:08  Drone  
  79  8:09  Drone x6  
  86  8:16  Drone x2  
  88  8:26  Extractor  
  87  8:28  Zerg Ground Armor Level 1, Zerg Melee Weapons Level 1  
  87  8:29  Drone x3  
  87  8:34  Overlord x3  
  90  8:35  Spore Crawler  
  89  8:51  Centrifical Hooks  
  89  9:01  Drone  
  89  9:02  Extractor, Drone x4  
  93  9:07  Zergling x8  
  97  9:13  Spire  
  97  9:14  Hatchery  
  97  9:15  Hatchery  
  97  9:17  Glial Reconstitution  
  94  9:32  Baneling  
  94  9:33  Baneling x7  
  94  9:35  Drone  
  94  9:36  Drone x2  
  93  9:46  Queen  
  95  10:02  Zergling x2  
  95  10:03  Zergling x6  
  95  10:04  Drone  
  95  10:05  Drone  
  101  10:07  Drone x4  
  101  10:08  Drone  
  101  10:10  Queen  
  101  10:12  Queen  
  109  10:22  Queen  
  109  10:27  Mutalisk x6  
  119  10:30  Overlord x4  
  119  10:31  Overlord x4  
  119  10:32  Zerg Flyer Weapons Level 1  
  119  10:37  Spine Crawler  
  119  10:38  Spine Crawler  
  117  10:43  Zergling x2  
  117  10:44  Zergling x10  
  117  10:48  Zergling x2  
  120  10:50  Drone x3  
  120  10:51  Queen  
  124  11:05  Zergling x12  
  130  11:12  Extractor  
  130  11:13  Spore Crawler, Zergling x2  
  130  11:14  Zergling x12  
  130  11:15  Extractor  
  134  11:23  Mutalisk, Baneling x3  
  134  11:24  Mutalisk x4, Hatchery  
  143  11:33  Zergling x2  
  143  11:34  Zergling x6  
  144  11:45  Drone x2  
  144  11:46  Drone x6  
  152  11:50  Mutalisk  
  154  12:02  Drone  
  154  12:03  Drone x3  
  158  12:19  Zergling x2  
  158  12:20  Zergling x18  
  168  12:23  Queen  
  170  12:56  Zergling x2  
  170  12:57  Zergling x12  
  170  12:58  Hatchery  
  173  13:03  Zergling x8  
  133  13:07  Zergling x2  
  133  13:08  Zergling x4  
  129  13:17  Baneling x7  
  129  13:18  Zergling x2, Baneling x3  
  129  13:19  Zergling x12  
  125  13:29  Zergling x2  
  117  13:38  Zergling x2  
  117  13:39  Zergling x6  
  115  13:42  Zergling x2  
  115  13:43  Zergling x6  
Show
View Real Time Build Order
Export as new Build Order

Mez Terran - Winner!

Build Orders: Liberator Opening, Reaper Expand 

Get SALT Encoding   

  12  0:00  SCV  
  13  0:13  SCV  
  14  0:17  Supply Depot  
  14  0:25  SCV  
  15  0:38  SCV  
  15  0:40  Barracks  
  16  0:47  Refinery  
  16  0:50  SCV  
  17  1:03  SCV  
  18  1:15  SCV  
  19  1:30  Orbital Command  
  19  1:31  Reaper  
  20  1:41  Command Center  
  20  1:48  Supply Depot  
  20  1:56  SCV  
  21  2:02  Marine  
  22  2:11  SCV  
  22  2:12  Factory  
  23  2:20  Refinery  
  23  2:23  SCV  
  23  2:25  Barracks Reactor  
  24  2:42  SCV  
  25  2:57  SCV, Orbital Command  
  26  3:03  Starport  
  26  3:11  Hellion x2  
  30  3:12  Barracks Tech Lab  
  30  3:13  Supply Depot  
  30  3:14  SCV  
  31  3:25  Liberator  
  31  3:26  SCV x2  
  33  3:34  Hellion x2  
  37  3:38  SCV  
  37  3:40  SCV  
  39  3:42  Marine  
  43  3:50  SCV  
  43  3:53  SCV, Supply Depot  
  45  3:59  Hellion x2  
  45  4:02  SCV  
  50  4:05  SCV  
  51  4:14  SCV  
  52  4:17  SCV  
  52  4:23  Command Center  
  52  4:24  Supply Depot  
  52  4:30  SCV x2  
  54  4:38  Stimpack  
  54  4:44  Barracks  
  54  4:45  SCV x2  
  56  4:47  Barracks  
  56  4:49  Factory Reactor  
  56  4:50  Supply Depot  
  56  4:59  SCV x2  
  57  5:09  Marine  
  57  5:10  Starport Reactor  
  57  5:11  SCV  
  57  5:12  SCV  
  60  5:15  Engineering Bay  
  60  5:16  Refinery, Engineering Bay  
  60  5:18  Refinery  
  60  5:19  Supply Depot  
  60  5:23  SCV  
  60  5:24  SCV  
  60  5:36  SCV x2  
  56  5:45  Orbital Command  
  56  5:48  SCV x2  
  56  5:49  Marine x3  
  59  5:50  Medivac x2  
  59  5:52  Terran Infantry Armor Level 1, Terran Infantry Weapons Level 1  
  59  5:55  Factory Tech Lab  
  63  6:00  SCV x2  
  63  6:01  Marine  
  63  6:02  Marine  
  63  6:04  Supply Depot  
  67  6:05  Barracks  
  67  6:07  Marine  
  67  6:08  Barracks  
  68  6:12  SCV x2  
  68  6:14  Marine x2  
  73  6:19  Marine x2  
  73  6:24  Marine, SCV x2  
  74  6:27  Combat Shield  
  74  6:28  Siege Tank  
  74  6:32  Marine x2  
  65  6:42  Marine x3  
  68  6:50  Marine  
  66  6:54  Marine  
  66  6:56  Barracks Reactor x2  
  67  7:07  Command Center  
  64  7:13  SCV x2  
  65  7:25  SCV x2  
  65  7:27  Armory  
  65  7:28  Siege Tank  
  65  7:29  Supply Depot  
  70  7:31  Marine  
  70  7:32  Marine x2  
  73  7:37  SCV  
  73  7:39  Marine x4  
  78  7:48  SCV  
  73  8:08  Marine, Siege Tank  
  73  8:09  Marine x3  
  73  8:10  Marine x5  
  73  8:11  SCV x2  
  84  8:19  Terran Infantry Armor Level 2, Terran Infantry Weapons Level 2  
  84  8:21  Command Center  
  84  8:22  Orbital Command  
  84  8:23  SCV  
  84  8:26  Marine  
  86  8:28  Marine x8  
  86  8:33  SCV  
  95  8:36  SCV  
  95  8:41  Terran Vehicle Weapons Level 1  
  96  8:45  SCV  
  96  8:47  Siege Tank  
  96  8:48  SCV  
  101  8:54  Supply Depot  
  101  8:55  Supply Depot  
  101  8:56  Supply Depot, Medivac  
  101  8:57  SCV  
  101  9:00  SCV  
  105  9:04  Marine x5  
  105  9:05  Marine x4  
  115  9:10  SCV, Medivac  
  115  9:16  SCV x2  
  119  9:19  Supply Depot  
  119  9:22  Marine x3, SCV, Supply Depot  
  123  9:24  Refinery  
  123  9:27  Marine x3  
  123  9:28  Marine x3, SCV x2  
  131  9:32  Siege Tank  
  134  9:39  Marine  
  134  9:51  Marine  
  134  9:52  Marine x7  
  141  9:54  SCV x3  
  144  10:01  Barracks  
  144  10:02  Barracks  
  144  10:04  Siege Tank, Barracks  
  147  10:09  Marine x4  
  152  10:21  SCV x2  
  152  10:26  Marine  
  152  10:27  Marine x4  
  151  10:31  Medivac x2  
  151  10:32  SCV  
  151  10:33  SCV, Planetary Fortress  
  151  10:35  Factory  
  157  10:36  Siege Tank  
  157  10:40  Sensor Tower  
  157  10:51  Marine  
  157  10:52  Marine x8  
  157  10:53  Barracks Tech Lab  
  157  10:54  Barracks Tech Lab  
  166  11:02  SCV x3  
  169  11:06  Marauder  
  169  11:07  Terran Infantry Weapons Level 3  
  169  11:09  Marine  
  172  11:12  Refinery  
  172  11:23  Supply Depot  
  172  11:24  Supply Depot  
  172  11:25  Supply Depot  
  172  11:34  Marine  
  172  11:35  SCV  
  172  11:36  Marine, SCV  
  172  11:37  SCV, Marauder  
  172  11:38  Siege Tank  
  172  11:39  Missile Turret  
  172  11:41  Missile Turret  
  172  11:42  Barracks Tech Lab  
  172  11:43  Factory Tech Lab  
  172  11:44  Marine, Marauder  
  175  11:47  Missile Turret  
  175  11:48  Missile Turret x2  
  175  11:51  Refinery x2  
  175  11:54  Starport  
  175  11:55  Starport  
  175  12:08  Missile Turret  
  175  12:10  Hellbat  
  177  12:24  Thor  
  177  12:25  Marine x5  
  177  12:26  Marauder x4  
  196  13:02  Marine x3  
  196  13:03  Marine  
  196  13:04  Marine x2  
  196  13:16  SCV  
  196  13:19  Command Center x2  
  196  13:21  Command Center  
  196  13:24  Starport Reactor  
  196  13:25  Starport Tech Lab  
  196  13:27  Fusion Core  
  196  13:34  SCV x2  
  196  13:35  Marine x3, SCV  
  196  13:36  Marauder x2  
  196  13:37  Marauder  
  196  13:45  Marine  
Tags
 
Add a new tag
Caveats
  • Supply blocks, unpowered buildings, or Contaminate may cause inaccurate times.
  • Supply counts are checked every 10 seconds.